 Dungeon Crawl Stone Soup version 0.29.0-13-gc9e81de378 (webtiles) character file.

Game seed: 15006399557737605553

111 Artool the Ducker (level 4, -2/35 HPs)
             Began as a Demonspawn Gladiator on Sept 7, 2022.
             Blown up by Ijyb (19 damage)
             ... with a mindburst bolt
             ... on level 4 of the Dungeon.
             The game lasted 00:07:44 (3283 turns).

Artool the Ducker (Demonspawn Gladiator)            Turns: 3283, Time: 00:07:45

Health: -2/35      AC:  7    Str: 16    XL:     4   Next: 62%
Magic:  4/4        EV: 12    Int:  9    God:
Gold:   141        SH:  0    Dex: 15    Spells: 3/3 levels left

rFire   . . .      SeeInvis .   h - +1 whip (drain)
rCold   . . .      Faith    .   (no shield)
rNeg    . . .      Spirit   .   b - +0 leather armour
rPois   .          Reflect  .   c - +0 helmet
rElec   .          Harm     .   v - +0 cloak
rCorr   .          Rampage  .   (no gloves)
Will    .....                   (no boots)
Stlth   +.........              (no amulet)
HPRegen 0.11/turn               (no ring)
MPRegen 0.09/turn               (no ring)

@: no status effects
A: slimy green scales 1, demonic touch 1
a: no special abilities


You were on level 4 of the Dungeon.
You visited 1 branch of the dungeon, and saw 4 of its levels.

You collected 141 gold pieces.

Inventory:

Hand Weapons
 a - a +0 flail
 h - a +1 whip of draining (weapon)
 n - a +2 flail of draining
Missiles
 d - 3 throwing nets
 e - a javelin
 k - 3 atropa-tipped darts (quivered)
Armour
 b - a +0 leather armour (worn)
 c - a +0 helmet (worn)
 f - a +0 cloak
 v - a +0 cloak (worn)
Magical Staves
 p - a staff of poison
Jewellery
 m - a ring of poison resistance
Wands
 t - a wand of mindburst (14)
Scrolls
 i - 5 scrolls of identify {unknown}
 j - a scroll of summoning {unknown}
 l - a scroll of butterflies {unknown}
 q - a scroll of immolation {unknown}
 u - a scroll of torment {unknown}
Potions
 g - 3 potions of flight {unknown}
 o - a potion of attraction {unknown}
 r - a potion of heal wounds {unknown}
 s - 2 potions of ambrosia {unknown}
 w - a potion of brilliance {unknown}


   Skills:
 + Level 3.0 Fighting
 + Level 3.3 Maces & Flails
 - Level 2.0 Throwing
 + Level 1.7 Armour
 + Level 3.3 Dodging


You had 3 spell levels left.
You didn't know any spells.
Your spell library contained the following spells:

 Spells                   Type           Power      Damage    Failure   Level
 Summon Small Mammal      Summ           0%         N/A       45%         1
 Ensorcelled Hibernation  Hex/Ice        0%         N/A       58%         2
 Call Canine Familiar     Summ           0%         N/A       83%         3
 Spider Form              Tmut/Pois      0%         N/A       83%         3
 Summon Guardian Golem    Hex/Summ       0%         N/A       83%         3
 Anguish                  Hex/Necr       0%         N/A       99%         4
 Fulminant Prism          Conj/Hex       0%         3d6       99%         4
 Iskenderun's Mystic Bla  Conj/Tloc      0%         2d3       99%         4
 Lee's Rapid Deconstruct  Erth           0%         3d5*      100%        5


Dungeon Overview and Level Annotations

Branches:
Dungeon (4/15)
 Temple: D:4-7

Altars:

Shops:
D:2 [

Annotations:
D:2 Sigmund
D:4 Ijyb


Innate Abilities, Weirdness & Mutations

You are partially covered in slimy green scales. (AC +2)
Your touch may inflict minor irresistible damage on your foes.


Message History

You see here a +0 club.
You now have 129 gold pieces (gained 7).
i - 4 scrolls labelled ALUKAY DANU (gained 1)
w - a fizzy puce potion No target in view!
i - 5 scrolls labelled ALUKAY DANU (gained 1)
You see here a +0 dagger.
You see here a +0 club.
You see here a +0 dagger.
You see here a +0 dagger.
You see here a +0 club.
Found a robe.
You open the door.
There is an open door here.
You enter the shallow water.
Moving in this stuff is going to be slow.
g - 3 sedimented dark potions (gained 1)
Found a stone staircase leading down.
You now have 141 gold pieces (gained 12).
You enter the shallow water.
Moving in this stuff is going to be slow.
You enter the shallow water.
Moving in this stuff is going to be slow.
Found a stone staircase leading up.
There is a stone staircase leading up here.
You open the door.
There is an open door here.
Done exploring.
Done exploring.
You see here a +0 chain mail.
There is a stone staircase leading down here.
You climb downwards.
Ijyb shouts!
Found a scroll labelled ALUKAY DANU.
There is a stone staircase leading up here.
Ijyb zaps a wand.
Your mind is blasted!
Ijyb zaps a wand.
Your mind is blasted!
You closely miss Ijyb.
Ijyb zaps a wand.
Your mind is blasted!
Ouch! That really hurt!
You die...

##......#
.?......#
#.......#
#.......#
........#
........#
........######.#
.......<...@g..#
...#############


You could see Ijyb.

Vanquished Creatures
  Terence (D:2)
  A shadow imp (D:3)
  7 dart slugs (D:3)
  4 orcs (D:3)
  4 bats
  3 endoplasms
  A giant cockroach (D:1)
  6 goblins
  2 hobgoblins
  4 jackals (D:2)
  8 kobolds
  5 quokkas
  6 ball pythons
  2 frilled lizards
  2 rats (D:1)
56 creatures vanquished.

Vanquished Creatures (others)
  A gnoll (D:4)
1 creature vanquished.

Grand Total: 57 creatures vanquished

Notes
Turn   | Place    | Note
-------+----------+-------------------------------------------
     0 | D:1      | Artool the Demonspawn Gladiator began the quest for the
                  | Orb.
     0 | D:1      | Reached XP level 1. HP: 16/16 MP: 1/1
   477 | D:1      | Gained mutation: You are partially covered in slimy green
                  | scales. (AC +2) [demonic ancestry]
   477 | D:1      | Reached XP level 2. HP: 22/22 MP: 2/2
   828 | D:1      | Found a faded altar of an unknown god.
  1128 | D:2      | Noticed Sigmund
  1142 | D:2      | Noticed Terence
  1163 | D:2      | Killed Terence
  1164 | D:2      | Reached skill level 1 in Armour
  1164 | D:2      | Reached XP level 3. HP: 8/27 MP: 3/3
  1986 | D:2      | Found Axziekh's Armour Boutique.
  2542 | D:3      | Gained mutation: Your touch may inflict minor irresistible
                  | damage on your foes. [demonic ancestry]
  2542 | D:3      | Reached XP level 4. HP: 32/34 MP: 4/4
  3278 | D:4      | Noticed Ijyb
  3283 | D:4      | Blown up by Ijyb

Illustrated notes

Levels and vault maps discovered:
D:1:      dpeg_arrival_yet_another_circle, layout_basic,
          ebering_ecumenical_altar_webs
D:2:      layout_basic, serial_shops,
          nicolae_shop_temple_entry_statues_fountains, uniq_sigmund,
          uniq_terence
D:3:      kennysheep_slugbush, layout_basic,
          nicolae_concentric_dashed_squares_mild
D:4:      layout_basic, fiery_altar_vehumet, mainiacjoe_overflow_paths,
          makhleb_blood_cavern_becter, tso_oasis_becter, serial_shops,
          nicolae_inconvenience_store, st_stairs_5, minivault_19,
          nicolae_shop_self_help, uniq_ijyb

Skill      XL: |  1  2  3  4 |
---------------+-------------+-----
Throwing       | 2 |  2.0
Maces & Flails | 3 |  3.3
Armour         | 1 |  1.7
Dodging        | 3 |  3.3
Fighting       | 3 |  3.0

Action                   |  1- 3 |  4- 6 || total
-------------------------+-------+-------++-------
Melee: Flail             |    21 |       ||    21
       Whip              |    91 |    36 ||   127
       Touch             |       |     9 ||     9
 Stab: Sleeping          |     2 |       ||     2
Armor: Leather armour    |    33 |    12 ||    45
Dodge: Dodged            |    71 |    21 ||    92
